 Dungeon Crawl Stone Soup version 0.22-a0-157-g169b76a (webtiles) character file.

179 MatthieuS the Conjurer (level 5, -1/29 HPs)
             Began as a Tengu Wanderer on Feb 8, 2018.
             Slain by a scorpion (6 damage)
             ... on level 3 of the Dungeon.
             The game lasted 00:08:35 (3878 turns).

MatthieuS the Conjurer (Tengu Wanderer)             Turns: 3878, Time: 00:08:37

Health: -1/29      AC:  3    Str: 11    XL:     5   Next: 59%
Magic:  1/10       EV: 12    Int: 16    God:
Gold:   86         SH:  0    Dex: 15    Spells: 4/10 levels left

rFire    . . .     SeeInvis .   b - +0 spear
rCold    . . .     Gourm    .   (no shield)
rNeg     . . .     Faith    .   j - +0 leather armour
rPois    .         Spirit   .   (helmet restricted)
rElec    .         Reflect  .   (no cloak)
rCorr    .         Harm     .   (no gloves)
MR       .....                  (boots unavailable)
Stlth    ++........             (no amulet)
HPRegen  0.09/turn              u - +3 ring of intelligence
MPRegen  0.12/turn              (no ring)

@: very slightly contaminated
A: beak, talons 3, able to fly 1
a: Fly


You were on level 3 of the Dungeon.
You were not hungry.

You visited 1 branch of the dungeon, and saw 4 of its levels.

You collected 86 gold pieces.

Inventory:

Hand Weapons
 b - a +0 spear (weapon)
 o - a +0 quarterstaff
 x - a cursed -2 falchion
Missiles
 i - 89 stones (quivered)
Armour
 d - a +0 robe
 j - a +0 leather armour (worn)
Jewellery
 u - a +3 ring of intelligence (left hand)
Scrolls
 e - 3 scrolls of remove curse {unknown}
 g - a scroll of magic mapping {unknown}
 k - 6 scrolls of identify {unknown}
 n - a scroll of enchant weapon {unknown}
 q - a scroll of immolation {unknown}
 s - a scroll of teleportation {unknown}
 y - a scroll of blinking {unknown}
Potions
 c - a potion of lignification {unknown}
 h - a potion of haste {unknown}
 l - a potion of curing
 m - a potion of flight {unknown}
 p - a potion of magic {unknown}
 r - a potion of might {unknown}
 t - a potion of mutation {unknown}
 w - a potion of berserk rage {unknown}
Books
 a - a book of Conjurations

   Spells                             Type                      Level
   a - Magic Dart                     Conjuration                  1
   b - Searing Ray                    Conjuration                  2
   c - Dazzling Spray                 Conjuration/Hexes            3
   d - Fulminant Prism                Conjuration/Hexes            4
   e - Force Lance                    Conjuration/Translocation    4
   f - Iskenderun's Mystic Blast      Conjuration                  4
Comestibles
 f - 3 rations
 v - 4 chunks of flesh


   Skills:
 - Level 1.1 Fighting
 - Level 1.1 Polearms
 + Level 2.2 Dodging
 + Level 2.5 Stealth
   Level 1.0 Shields
 + Level 3.0 Spellcasting
 * Level 4.9 Conjurations
   Level 1.2 Summonings
   Level 1.0 Evocations


You had 4 spell levels left.
You knew the following spells:

 Your Spells              Type           Power        Failure   Level  Hunger
a - Magic Dart            Conj           ###.         3%          1    #......
b - Searing Ray           Conj           ###...       4%          2    ##.....
c - Dazzling Spray        Conj/Hex       ##....       26%         3    ###....


Dungeon Overview and Level Annotations

Branches:
Dungeon (4/15)
 Temple: D:4-7

Altars:

Annotations:
D:4 Eustachio


Innate Abilities, Weirdness & Mutations

You have a beak for a mouth.
You have claws for feet.
You can fly.


Message History

The scorpion is almost dead.
The scorpion stings you!
* * * LOW HITPOINT WARNING * * *
You are lethally poisoned!
The scorpion poisons you!
You feel better. The scorpion stings you.
You barely miss the scorpion.
The scorpion is almost dead.
The scorpion barely misses you.
You hit the scorpion but do no damage.
The scorpion is almost dead.
The scorpion stings you.
You barely miss the scorpion.
You claw the scorpion, but do no damage.
Your peck misses the scorpion.
The scorpion is almost dead.
The scorpion stings you.
* * * LOW HITPOINT WARNING * * *
The scorpion stings you.
You die...

#.##.#...#..........
#.##.....##..#.#....
#.###............### #.#
#...###.####.# # #.#
#...##...###.### #.#
#......)........
#.###..###...#####..
###......# ##..# ##.
###....@...# ##.# #.
#.....s##..# #.# #.
##.#.##.##..## #<######.
#............# #...>....
#..#.##.##...# ##..#####
#..#.##.##...# #..# #
#..#.........# #..# #
#..####.###..#####..#####
#.)# ##.###..##(........^


You could see a scorpion.

Vanquished Creatures
  3 worker ants (D:4)
  3 adders
  An ooze (D:3)
  2 worms
  3 dart slugs
  A leopard gecko (D:3)
  10 orcs
  A giant cockroach (D:1)
  2 goblins (D:2)
  7 hobgoblins
  5 jackals
  9 bats
  3 frilled lizards
  3 kobolds
  6 rats
59 creatures vanquished.

Notes
Turn   | Place    | Note
-------+----------+-------------------------------------------
     0 | D:1      | MatthieuS the Tengu Wanderer began the quest for the Orb.
     0 | D:1      | MatthieuS set off with: a book of Conjurations, a +0 spear, the Compendium of Summoning, a +0 robe, a ration
     0 | D:1      | Reached XP level 1. HP: 12/12 MP: 4/4
     0 | D:1      | Identified the Compendium of Summoning
     2 | D:1      | Learned a level 1 spell: Magic Dart
   287 | D:1      | Reached skill level 3 in Conjurations
   287 | D:1      | Reached XP level 2. HP: 16/16 MP: 0/6
   347 | D:1      | Learned a level 2 spell: Searing Ray
  1266 | D:2      | Reached skill level 1 in Dodging
  1266 | D:2      | Reached XP level 3. HP: 9/20 MP: 0/7
  1529 | D:2      | Learned a level 3 spell: Dazzling Spray
  2267 | D:3      | Reached XP level 4. HP: 19/25 MP: 0/8
  2442 | D:3      | Reached skill level 4 in Conjurations
  3196 | D:4      | Gained mutation: You can fly. [Tengu growth]
  3196 | D:4      | Reached XP level 5. HP: 27/29 MP: 0/10
  3279 | D:4      | Noticed a phantom
  3483 | D:4      | Noticed Eustachio
  3878 | D:3      | Slain by a scorpion

Vault maps used:
D:1:      dpeg_arrival_stone_temple_mockup
D:3:      first_ration
D:4:      led_sif_pool, minmay_temple_entry_grid, uniq_eustachio

Skill      XL: |  1  2  3  4  5 |
---------------+----------------+-----
Conjurations   | 3 4 |  4.9
Dodging        | 1 2 |  2.2
Stealth        | 2 |  2.5
Spellcasting   | 3 |  3.0
Fighting       | |  1.1
Polearms       | |  1.1
Shields        | |  1.0
Summonings     | |  1.2
Evocations     | |  1.0

Action                   |  1- 3 |  4- 6 || total
-------------------------+-------+-------++-------
Melee: Spear             |    23 |    21 ||    44
       Kick              |     6 |     6 ||    12
       Peck              |     5 |     4 ||     9
 Cast: Magic Dart        |    69 |    90 ||   159
       Searing Ray       |     3 |     3 ||     6
       Dazzling Spray    |       |     1 ||     1
  Use: Potion            |       |     2 ||     2
  Eat: Chunk             |     5 |     7 ||    12
Armor: Leather armour    |     3 |    10 ||    13
       Robe              |     2 |       ||     2
Dodge: Dodged            |    25 |    44 ||    69

Table legend:
 A = Spawn XP
 B = Non-spawn XP
 C = Spawn XP percentage of total XP
 D = Spawn monster count
 E = Non-spawn monster count
 F = Spawn count percentage of total count
 G = Total turns spent on level
                    A         B        C        D         E        F      G
               +---------+---------+-------+---------+---------+-------+---------
         Total |       0 |     256 |   0.0 |       0 |      59 |   0.0 |  3878
               +---------+---------+-------+---------+---------+-------+---------
           D:1 |       0 |      24 |   0.0 |       0 |      14 |   0.0 |  1137
           D:2 |       0 |      53 |   0.0 |       0 |      15 |   0.0 |  1045
           D:3 |       0 |      65 |   0.0 |       0 |      22 |   0.0 |  1418
           D:4 |       0 |     114 |   0.0 |       0 |       8 |   0.0 |   278
               +---------+---------+-------+---------+---------+-------+---------
